 Dungeon Crawl Stone Soup version 0.26-a0-64-g059e62fbdb (webtiles) character file.

Game seed: 4238999208102138448

105 vurker the Charmwright (level 5, -4/34 HPs)
             Began as a Halfling Skald on June 11, 2020.
             Killed from afar by an orc wizard (9 damage)
             ... with a puff of frost
             ... on level 3 of the Dungeon.
             The game lasted 00:03:34 (2305 turns).

vurker the Charmwright (Halfling Skald)             Turns: 2305, Time: 00:03:34

Health: -4/34      AC:  3    Str: 13    XL:     5   Next: 8%
Magic:  7/7        EV: 15    Int: 11    God:
Gold:   154        SH:  5    Dex: 14    Spells: 3/7 levels left

rFire    . . .     SeeInvis .   a - +0 falchion
rCold    . . .     Gourm    .   (shield restricted)
rNeg     . . .     Faith    .   b - +0 leather armour
rPois    .         Spirit   .   (no helmet)
rElec    .         Reflect  +   (no cloak)
rCorr    .         Harm     .   (no gloves)
MR       .....     Rnd*Tele +   (no boots)
Stlth    +.........             h - amulet of reflection
HPRegen  0.11/turn              c - ring of teleportation (curse)
MPRegen  0.10/turn              (no ring)

@: no status effects
A: small, mutation resistance 1
a: no special abilities


You were on level 3 of the Dungeon.
You were near starving.

You visited 1 branch of the dungeon, and saw 3 of its levels.

You collected 154 gold pieces.

Inventory:

Hand Weapons
 a - a +0 falchion (weapon)
Missiles
 i - 37 sling bullets
Armour
 b - a +0 leather armour (worn)
Jewellery
 c - a cursed ring of teleportation (left hand)
   (You found it on level 1 of the Dungeon)
 h - an amulet of reflection (around neck)
   (You found it on level 1 of the Dungeon)
Wands
 j - a wand of enslavement (7)
   (You found it on level 2 of the Dungeon)
Potions
 f - 2 potions of might {unknown}
 g - 3 potions of curing
 k - a potion of brilliance {unknown}
 l - 2 potions of magic {unknown}
Comestibles
 e - 2 rations


   Skills:
 + Level 2.3 Fighting
 * Level 3.2 Long Blades
 + Level 2.1 Armour
 + Level 2.8 Dodging
 + Level 1.7 Spellcasting
 + Level 0.5 Hexes
 + Level 3.5 Charms


You had 3 spell levels left.
You knew the following spells:

 Your Spells              Type           Power        Failure   Level  Hunger
a - Spectral Weapon       Hex/Chrm       #.......     45%         3    ####...
b - Infusion              Chrm           #...         9%          1    ##.....

Your spell library contained the following spells:

 Spells                   Type           Power        Failure   Level  Hunger
 Song of Slaying          Chrm           #.......     13%         2    ###....
 Shroud of Golubria       Chrm/Tloc      #.....       28%         2    ###....
 Beastly Appendage        Tmut           #.....       36%         1    ##.....
 Sticks to Snakes         Tmut           #.......     50%         2    ###....
 Ozocubu's Armour         Chrm/Ice       #.......     50%         3    ####...
 Spider Form              Tmut/Pois      #.........   75%         3    ####...
 Ice Form                 Ice/Tmut       #.......     98%         4    #####..
 Blade Hands              Tmut           #.........   100%        5    ######.


Dungeon Overview and Level Annotations

Branches:
Dungeon (3/15)

Altars:
Dithmenos
Hepliaklqana
Kikubaaqudgha


Innate Abilities, Weirdness & Mutations

You are small and have problems with some larger weapons.
You are somewhat resistant to further mutation.


Message History

You hit something but do no damage. Something hits you but does no damage.
You hit something.
Reactivating autopickup.
You feel a bit more experienced.
Things that are here:
a +0 dagger; a +0 robe There isn't anything to butcher here.
There is a stone staircase leading down here.
You start resting.
You are feeling very hungry.
Unknown command.
Okay, then.
Things that are here:
a +0 dagger; a +0 robe There isn't anything to butcher here.
There is a stone staircase leading down here.
Okay, then.
You start resting.
You are near starving!
You climb downwards.
The orc wizard completely misses you. The orc wizard misses you.
There is a stone staircase leading up here.
You closely miss the orc wizard.
The orc wizard hits you but does no damage.
You closely miss the orc wizard. The orc wizard barely misses you.
You closely miss the orc wizard. You block the orc wizard's attack.
You barely miss the orc wizard. The orc wizard misses you.
You hit the orc wizard. The orc wizard barely misses you.
You hit the orc wizard but do no damage.
The orc wizard closely misses you. The orc wizard misses you.
You hit the orc wizard.
The orc wizard hits you but does no damage.
You hit the orc wizard.
The orc wizard hits you with a +0 dagger.
You hit the orc wizard. The orc wizard closely misses you.
You hit the orc wizard. The orc wizard misses you.
You hit the orc wizard but do no damage.
The orc wizard looks encouraged for a moment.
You barely miss the orc wizard.
The orc wizard points at you and mumbles some strange words.
The puff of flame hits you!
You closely miss the orc wizard.
The orc wizard points at you and mumbles some strange words.
The puff of flame hits you!
* * * LOW HITPOINT WARNING * * *
You closely miss the orc wizard. The orc wizard closely misses you.
The orc wizard gestures at you while chanting.
The puff of frost hits you!
You die...

..#####..#..##.
.......o.......
........[......
#o.......
###o#.#####
#..........
###.#######
####.# #@oo.#
######


You could see an orc wizard and an orc.

Vanquished Creatures
  2 orc wizards
  2 adders (D:2)
  An ooze (D:1)
  A worm (D:2)
  3 leopard geckos
  An orc (D:3)
  3 giant cockroaches
  6 goblins
  4 hobgoblins
  5 jackals (D:1)
  4 kobolds (D:1)
  3 bats
  A frilled lizard (D:2)
  5 rats
41 creatures vanquished.

Notes
Turn   | Place    | Note
-------+----------+-------------------------------------------
     0 | D:1      | vurker the Halfling Skald began the quest for the Orb.
     0 | D:1      | Reached XP level 1. HP: 14/14 MP: 3/3
    38 | D:1      | Reached XP level 2. HP: 3/19 MP: 4/4
   430 | D:1      | Reached XP level 3. HP: 21/24 MP: 5/5
  1163 | D:2      | Found a hazy altar of Hepliaklqana.
  1169 | D:2      | Found a shadowy altar of Dithmenos.
  1169 | D:2      | Noticed a shadow
  1251 | D:2      | Learned a level 3 spell: Spectral Weapon
  1303 | D:2      | Reached XP level 4. HP: 29/29 MP: 6/6
  1478 | D:2      | Found an ancient bone altar of Kikubaaqudgha.
  2101 | D:3      | Reached XP level 5. HP: 12/34 MP: 7/7
  2305 | D:3      | Killed from afar by an orc wizard

Illustrated notes

Levels and vault maps discovered:
D:1:      ncdulo_halloftheorcs, layout_rooms, item_on_display_a
D:2:      layout_loops_ring, riverfiend_overflow_shadow_ancestor,
          lemuel_doored_altar
D:3:      wad_woods_stonehenge, layout_basic, first_ration, st_stairs_11

Skill      XL: |  1  2  3  4 |
---------------+-------------+-----
Fighting       | 2 |  2.3
Long Blades    | 3 |  3.2
Armour         | 2 |  2.1
Dodging        | |  2.8
Spellcasting   | |  1.7
Hexes          | |  0.5
Charms         | |  3.5

Action                   |  1- 3 |  4- 6 || total
-------------------------+-------+-------++-------
Melee: Falchion          |    96 |    57 ||   153
  Use: Scroll            |     1 |     1 ||     2
 Stab: Sleeping          |     2 |       ||     2
  Eat: Chunk             |     1 |     2 ||     3
Armor: Leather armour    |    34 |     4 ||    38
Dodge: Dodged            |    88 |    31 ||   119
Block: Other             |       |     4 ||     4
       Rpst.: Falchion   |    25 |     8 ||    33

Table legend:
 A = Non-vault XP
 B = Vault XP
 C = Vault XP percentage of total XP
 D = Non-vault monster count
 E = Vault monster count
 F = Vault count percentage of total count
                 A         B        C        D         E       F
            +---------+---------+-------+---------+---------+-------
      Total |     150 |       0 |   0.0 |      41 |       0 |   0.0
            +---------+---------+-------+---------+---------+-------
        D:1 |      47 |       0 |   0.0 |      23 |       0 |   0.0
        D:2 |      59 |       0 |   0.0 |      15 |       0 |   0.0
        D:3 |      44 |       0 |   0.0 |       3 |       0 |   0.0
            +---------+---------+-------+---------+---------+-------
